 Dungeon Crawl Stone Soup version 0.20.1-1-g8b1a95d66d (webtiles) character file.

28 Jynx the Ruffian (level 2, 0/25 HPs)
             Began as a Draconian Transmuter on Dec 28, 2017.
             Slain by a jackal (1 damage)
             ... on level 1 of the Dungeon.
             The game lasted 00:01:38 (1023 turns).

Jynx the Ruffian (Draconian Transmuter)             Turns: 1023, Time: 00:01:39

Health: 0/25       AC:  4    Str: 12    XL:     2   Next: 96%
Magic:  5/5        EV: 12    Int: 13    God:
Gold:   43         SH:  0    Dex: 11    Spells: 4/5 levels left

rFire    . . .     SeeInvis .     - Unarmed
rCold    . . .     Gourm    .   (no shield)
rNeg     . . .     Faith    .   (armour unavailable)
rPois    .         Spirit   .   (helmet restricted)
rElec    .         Reflect  .   (no cloak)
rCorr    .         Harm     .   (no gloves)
MR       .....                  (no boots)
Stlth    +.........             (no amulet)
Regen    0.1/turn               (no ring)
MPRegen  0.1/turn               (no ring)

@: no status effects
A: unfitting armour, cold-blooded, AC +4
a: no special abilities


You were on level 1 of the Dungeon.
You were not hungry.

You visited 1 branch of the dungeon, and saw 2 of its levels.

You collected 43 gold pieces.

Inventory:

Missiles
 a - 12 arrows
Armour
 o - a cursed +0 cloak
Scrolls
 e - 2 scrolls of remove curse
 f - a scroll of identify
 h - a scroll of enchant weapon {unknown}
 i - a scroll of fear {unknown}
Potions
 j - a potion of curing {unknown}
 k - a potion of agility {unknown}
 l - a potion of mutation {unknown}
 m - a potion of resistance {unknown}
Books
 b - a book of Changes

   Spells                             Type                      Level
   a - Beastly Appendage              Transmutation                1
   b - Sticks to Snakes               Transmutation                2
   c - Spider Form                    Transmutation/Poison         3
   d - Ice Form                       Ice/Transmutation            4
   e - Blade Hands                    Transmutation                5
Comestibles
 c - a bread ration
 d - 2 fruits
 g - a royal jelly
 n - a chunk of flesh


   Skills:
 + Level 2.3 Fighting
 - Level 1.7 Dodging
 + Level 3.1 Unarmed Combat
 + Level 2.1 Spellcasting
 * Level 2.4 Transmutations


You had 4 spell levels left.
You knew the following spells:

 Your Spells              Type           Power        Failure   Level  Hunger
a - Beastly Appendage     Tmut           #.....       9%          1    ##.....


Dungeon Overview and Level Annotations

Branches:
Dungeon (2/15)

Altars:
Cheibriados


Innate Abilities, Weirdness & Mutations

Your plain brown scales are hard. (AC +4)
You cannot fit into any form of body armour.
You are cold-blooded and may be slowed by cold attacks.


Message History

The jackal bites you.
* * * LOW HITPOINT WARNING * * *
The jackal barely misses you. The jackal bites you.
* * * LOW HITPOINT WARNING * * *
The jackal bites you.
* * * LOW HITPOINT WARNING * * *
The frilled lizard bites you.
* * * LOW HITPOINT WARNING * * *
The jackal bites you but does no damage.
You climb upwards.
There is a stone staircase leading down here.
As you read the scroll labeled YPOS XYTWIOTS, it crumbles to dust.
It is a scroll of identify.
e - 2 scrolls of remove curse The jackal bites you but does no damage.
The jackal completely misses you. The jackal closely misses you.
The jackal completely misses you.
The frilled lizard bites you but does no damage.
The jackal bites you.
You die...

..⌠..##### #....#.#.#.# #.#..#
#...##.# #........#.# #.#..#
#...##.########....#.###.###.#..#
#...##.............#.#.....#.#..#
#...##.#############.....#.#.#..#
##.###.# ############)###.#.#...
#+# #.####.................(...#
#.###.#.......lh#####.....#.#..#
#.....#.......h@# #.....#....#
#####.#.......hh# #.....#...##
#.........#######.###.#...##
#.........#.....#.# #.....#.
#.........#.....### #.#[.###
#...............# #.#..#
#.........###.### #.#..###
#.........# #.# #.#.....
#.######### #.# ####.##.


You could see 4 jackals and a frilled lizard.

Vanquished Creatures
  A dart slug (D:2)
  A leopard gecko (D:1)
  A ball python (D:2)
  A giant cockroach (D:1)
  2 hobgoblins (D:1)
  2 jackals (D:1)
  4 kobolds
  3 bats (D:1)
  A frilled lizard (D:1)
  4 goblins (D:1)
  3 rats
23 creatures vanquished.

Notes
Turn   | Place    | Note
-------+----------+-------------------------------------------
     0 | D:1      | Jynx the Draconian Transmuter began the quest for the Orb.
     0 | D:1      | Reached XP level 1. HP: 16/16 MP: 3/3
    25 | D:1      | Found a snail-covered altar of Cheibriados.
   197 | D:1      | Reached XP level 2. HP: 24/24 MP: 3/5
  1021 | D:2      | HP: 1/25 [frilled lizard (1)]
  1023 | D:1      | Slain by a jackal

Skill      XL: |  1  2 |
---------------+-------+-----
Fighting       | 2 |  2.3
Dodging        | |  1.7
Unarmed Combat | |  3.1
Spellcasting   | |  2.1
Transmutations | |  2.4

Action                   || total
-------------------------++-------
Melee: Unarmed           ||    83
       Kick              ||    10
       Tailslap          ||     7
       Headbutt          ||     4
       Punch             ||     1
 Cast: Beastly Appendage ||    15
  Use: Scroll            ||     1
 Stab: Sleeping          ||     1
  Eat: Chunk             ||     1
Armor: Skin              ||    34
Dodge: Dodged            ||   101
